Map: Alcyone LE

Players

ByuN - Winner!

  • Race: Terran Terran
  • Spawn Location: 7:00

Lambo

  • Race: Zerg Zerg
  • Spawn Location: 1:00

Event: ESL Spring 2024 Finals

VOD

Have the link to the VOD?

Description

Time

  • Played on: May 31, 2024, 7:37 p.m.
  • Length: 7:46

All games in this series

Show
View Real Time Build Order
Export as new Build Order

ByuN Terran - Winner!

Build Orders:  

Get SALT Encoding   

  12  0:00  SCV  
  13  0:12  SCV  
  14  0:17  Supply Depot  
  14  0:24  SCV  
  15  0:40  Barracks  
  15  0:41  Refinery  
  16  0:52  Barracks  
  16  0:56  SCV  
  16  1:08  SCV  
  17  1:20  SCV  
  18  1:26  Reaper  
  19  1:33  Orbital Command  
  19  1:38  Supply Depot  
  19  1:41  Reaper  
  20  1:58  SCV  
  20  2:00  Reaper  
  22  2:10  SCV  
  23  2:15  Command Center  
  23  2:19  Reaper  
  24  2:25  SCV  
  24  2:28  Refinery  
  25  2:37  SCV  
  25  2:43  Marine  
  27  2:49  SCV  
  28  3:01  SCV  
  28  3:02  Factory  
  29  3:13  SCV  
  29  3:15  Barracks Reactor  
  30  3:25  SCV  
  31  3:28  Orbital Command  
  31  3:29  Command Center  
  31  3:37  SCV  
  32  3:53  SCV x2  
  36  3:56  Hellion x2  
  36  3:58  Barracks Tech Lab  
  38  4:04  Barracks Reactor  
  38  4:05  SCV x2  
  42  4:17  SCV, Marine, Hellion x2  
  42  4:20  Stimpack  
  46  4:25  SCV  
  46  4:29  SCV  
  46  4:33  Engineering Bay  
  46  4:35  Engineering Bay  
  46  4:41  SCV x2, Marine x3  
  46  4:42  Orbital Command  
  51  4:49  Starport  
  51  4:53  SCV x2  
  51  4:58  Marine x3  
  55  5:03  Terran Infantry Weapons Level 1, Terran Infantry Armor Level 1  
  55  5:05  SCV x2, Hellion  
  59  5:08  SCV  
  59  5:10  Supply Depot  
  60  5:17  SCV  
  60  5:20  Supply Depot  
  60  5:21  Marine x3  
  61  5:25  SCV x2  
  66  5:29  SCV  
  66  5:33  Armory  
  67  5:36  Medivac  
  67  5:37  SCV, Medivac  
  67  5:38  Orbital Command  
  67  5:42  Refinery  
  73  5:43  Refinery  
  73  5:45  Factory Tech Lab  
  73  5:46  Marine x2  
  73  5:47  Marine  
  75  5:51  SCV x2  
  77  6:03  Combat Shield, SCV  
  76  6:04  Siege Tank, Marine x2  
  76  6:05  Marine  
  76  6:07  SCV x2  
  84  6:15  Barracks  
  84  6:17  Barracks  
  84  6:21  Barracks  
  84  6:22  Marine  
  85  6:28  SCV x2, Marine x2  
  85  6:31  SCV  
  90  6:34  Starport Reactor  
  90  6:39  Siege Tank  
  93  6:43  SCV x2  
  93  6:44  SCV  
  93  6:46  Marine x2  
  93  6:47  Marine  
  89  6:56  SCV x3  
  91  7:02  Barracks  
  91  7:04  Marine x2  
  91  7:05  Barracks  
  91  7:07  Barracks  
  93  7:09  Supply Depot, SCV, Marine  
  93  7:10  Supply Depot  
  93  7:13  Supply Depot  
  95  7:15  Marine x2  
  95  7:20  Barracks Reactor x2  
  95  7:22  SCV  
  101  7:30  SCV x2  
Show
View Real Time Build Order
Export as new Build Order

Lambo Zerg 

Build Orders: Hatch First 

Get SALT Encoding   

  12  0:00  Drone  
  13  0:13  Overlord  
  13  0:17  Drone  
  14  0:31  Drone x2  
  16  0:48  Hatchery  
  15  0:51  Drone  
  15  0:54  Drone  
  17  0:58  Drone  
  18  1:08  Extractor  
  17  1:13  Spawning Pool  
  17  1:16  Drone  
  17  1:20  Drone  
  18  1:29  Drone  
  20  1:40  Drone  
  20  1:50  Drone  
  21  2:00  Zergling x2, Queen x2  
  27  2:01  Zergling x2  
  27  2:13  Hatchery  
  26  2:17  Overlord  
  26  2:21  Drone  
  27  2:24  Zergling x2  
  27  2:28  Zergling x2  
  28  2:33  Spore Crawler  
  28  2:34  Extractor  
  28  2:35  Extractor  
  24  2:39  Evolution Chamber  
  24  2:46  Metabolic Boost  
  24  2:48  Spore Crawler  
  27  2:52  Queen  
  27  2:54  Zergling x2  
  27  2:55  Zergling x2  
  31  2:59  Evolution Chamber  
  31  3:05  Overlord  
  29  3:08  Spore Crawler  
  28  3:13  Drone  
  28  3:17  Zergling x4  
  32  3:20  Zergling x2  
  30  3:28  Queen  
  30  3:33  Drone  
  33  3:37  Drone  
  34  3:42  Drone x2  
  34  3:43  Drone  
  34  3:48  Drone x2  
  39  3:50  Zergling x2  
  40  3:56  Zergling x4  
  40  4:01  Overlord  
  40  4:02  Drone  
  43  4:05  Drone  
  43  4:08  Drone x2  
  46  4:11  Drone  
  46  4:13  Drone  
  46  4:16  Drone  
  49  4:18  Overlord  
  49  4:20  Drone  
  50  4:26  Drone x3  
  50  4:30  Overlord  
  53  4:33  Overlord  
  53  4:36  Overlord  
  53  4:39  Zergling x4  
  53  4:43  Zergling x4  
  57  4:47  Queen  
  57  4:48  Drone  
  57  4:51  Drone x2  
  62  4:53  Drone  
  62  4:57  Drone  
  62  4:59  Drone  
  63  5:02  Drone  
  64  5:08  Zergling x2  
  64  5:11  Drone  
  64  5:12  Zergling x2  
  64  5:13  Zergling x4, Overlord  
  69  5:14  Drone x2, Spore Crawler  
  69  5:17  Drone  
  69  5:18  Queen  
  69  5:20  Drone  
  74  5:21  Drone  
  74  5:25  Drone x3  
  74  5:27  Drone  
  79  5:31  Drone  
  79  5:34  Baneling Nest  
  79  5:35  Drone  
  80  5:36  Drone, Extractor  
  80  5:37  Extractor  
  80  5:40  Drone x3  
  82  5:44  Drone  
  82  5:46  Drone, Hatchery  
  82  5:47  Drone  
  84  5:54  Overlord  
  84  5:56  Drone x5  
  89  6:01  Drone x2  
  89  6:03  Drone  
  90  6:06  Extractor  
  90  6:08  Lair  
  90  6:09  Overlord  
  89  6:11  Overlord  
  89  6:12  Queen  
  89  6:13  Overlord  
  89  6:14  Overlord  
  91  6:18  Baneling x4  
  91  6:19  Baneling x2  
  91  6:20  Zergling x4  
  91  6:22  Zergling x2  
  91  6:23  Zergling x4  
  96  6:27  Extractor  
  96  6:28  Zergling x6  
  98  6:33  Zergling x2  
  98  6:34  Zergling x8  
  98  6:38  Zergling x8  
  98  6:39  Baneling x3  
  107  6:46  Zergling x4  
  100  6:52  Zergling x2  
  94  6:54  Zergling x4  
  94  6:57  Drone x3  
  97  7:02  Drone x2, Evolution Chamber  
  97  7:04  Drone x3, Evolution Chamber  
  97  7:05  Drone  
  101  7:08  Drone x4  
  101  7:09  Hydralisk Den  
  101  7:10  Baneling  
  101  7:11  Baneling x2  
  101  7:12  Zergling x4  
  101  7:13  Baneling x2  
  106  7:19  Zergling x4  
  110  7:24  Zergling x4  
Tags
 
Add a new tag
Caveats
  • Supply blocks, unpowered buildings, or Contaminate may cause inaccurate times.
  • Supply counts are checked every 10 seconds.